 Dungeon Crawl Stone Soup version 0.22-a0-443-g17c3723 (webtiles) character file.

190872 iamserjio the Whirler (level 18, 0/128 HPs)
             Began as a Halfling Hunter on May 31, 2018.
             Was a High Priest of Okawaru.
             Blown up by an orb spider (28 damage)
             ... with an orb of destruction
             ... on level 1 of the Spider Nest.
             The game lasted 02:17:03 (45958 turns).

iamserjio the Whirler (Halfling Hunter)            Turns: 45958, Time: 02:17:03

Health: 0/128      AC: 27    Str: 21    XL:     18   Next: 85%
Magic:  0/24       EV: 25    Int:  9    God:    Okawaru [*****.]
Gold:   2342       SH: 11    Dex: 18    Spells: 17/17 levels left

rFire    + + .     SeeInvis .   a - +10 short sword of Disembowelment {pain, rF++ rC+ MR- Str+3}
rCold    + . .     Gourm    .   x - +0 shield
rNeg     . . .     Faith    .   c - +0 swamp dragon scales
rPois    +         Spirit   +   w - +2 helmet
rElec    .         Reflect  .   F - scarf {Spirit}
rCorr    .         Harm     .   M - +2 pair of gloves {archery}
MR       .....                  V - +2 pair of boots {Stlth+}
Stlth    ++++......             y - amulet of rage
HPRegen  0.31/turn              r - +3 ring of evasion
MPRegen  0.19/turn              Z - +4 ring of protection

@: lethally poisoned (0 -> -1), berserk cooldown, slowed, very slow
A: small, mutation resistance 1
}: 1/15 runes: decaying
a: Heroism, Finesse, Renounce Religion, Evoke Berserk Rage


You were on level 1 of the Spider Nest.
You worshipped Okawaru.
Okawaru was extremely pleased with you.
You were hungry.

You visited 6 branches of the dungeon, and saw 29 of its levels.
You also visited: Bailey.

You collected 2864 gold pieces.
You spent 522 gold pieces at shops.

Inventory:

Hand Weapons
 a - the +10 short sword of Disembowelment (weapon) {pain, rF++ rC+ MR- Str+3}
   (Okawaru gifted it to you on level 1 of the Lair of Beasts)

   In the hands of one skilled in necromantic magic, it inflicts extra damage on
   living creatures.
   It affects your strength (+3).
   It greatly protects you from fire.
   It protects you from cold.
   It affects your resistance to hostile enchantments.
 t - a +5 hunting sling of freezing
 u - a +0 blowgun
 P - the +2 double sword of Lizyrhomio {elec, Int+6, unknown}
   (Okawaru gifted it to you on level 2 of the Swamp)

   Occasionally, upon striking a foe, it will discharge some electrical energy
   and cause terrible harm.
   It affects your intelligence (+6).
Missiles
 d - 259 sling bullets
 g - 72 stones (quivered)
 v - 10 curare-tipped needles
 N - 10 needles of sleeping
Armour
 c - +0 swamp dragon scales (worn)
 i - the +2 helmet of the Abyss {*Slow rElec rF+ MP+9}
   (You acquired it on level 9 of the Dungeon)

   It protects you from fire.
   It insulates you from electricity.
   It affects your magic capacity (+9).
   It may slow you when you take damage.
 w - a +2 helmet (worn)
 x - a +0 shield (worn)
 F - a scarf of spirit shield (worn)
 G - a scarf of resistance
 I - the +9 scale mail "Odattuecsi" {rC++ SInv}
   (You found it on level 6 of the Dungeon)

   It greatly protects you from cold.
   It lets you see invisible.
 M - a +2 pair of gloves of archery (worn)
 V - a +2 pair of boots of stealth (worn)
 W - the +10 chain mail of Kaneop {MR+ Str+4 Dex+6}
   (You took it off a hobgoblin in a bailey)

   It affects your strength (+4).
   It affects your dexterity (+6).
   It affects your resistance to hostile enchantments.
Jewellery
 k - an uncursed ring of protection from cold
 r - a +3 ring of evasion (left hand)
 s - an uncursed ring of resist corrosion
 y - an amulet of rage (around neck)
 O - an uncursed ring of see invisible
 Z - a +4 ring of protection (right hand)
Wands
 e - a wand of disintegration (21)
 j - a wand of paralysis (44)
 C - a wand of polymorph (15)
 H - a wand of clouds (9)
 Q - a wand of iceblast (25)
Scrolls
 b - 7 scrolls of fear
 l - 4 scrolls of magic mapping
 m - a scroll of fog
 o - 8 scrolls of teleportation
 z - 13 scrolls of remove curse
 T - a scroll of holy word
 U - 2 scrolls of immolation {unknown}
 X - 4 scrolls of vulnerability
Potions
 h - 10 potions of curing
 n - 2 potions of brilliance
 p - 5 potions of flight
 q - 2 potions of resistance
 A - a potion of cancellation
 B - 3 potions of ambrosia
 D - 3 potions of might
 E - 4 potions of mutation
 K - a potion of berserk rage
 L - 3 potions of heal wounds
 R - 2 potions of agility
 S - 2 potions of invisibility
Miscellaneous
 J - a phial of floods
Comestibles
 f - 33 rations


   Skills:
 * Level 13.3 Fighting
 - Level 11.0 Short Blades
 + Level 20.1 Slings
 - Level 16.0 Armour
 + Level 12.9 Dodging
 - Level 8.0 Stealth
 - Level 6.0 Shields
 - Level 8.0 Invocations
 - Level 8.0 Evocations


You had 17 spell levels left.
You didn't know any spells.
Your spell library contained the following spells:

 Spells                   Type           Power        Failure   Level  Hunger
 Cause Fear               Hex            #.........   100%        4    #####..
 Magic Dart               Conj           #...         92%         1    ##.....
 Fireball                 Conj/Fire      #.........   100%        5    ######.
 Conjure Flame            Conj/Fire      #.......     100%        3    ####...
 Bolt of Cold             Conj/Ice       #.........   100%        6    #######
 Lightning Bolt           Conj/Air       #.........   100%        5    ######.
 Slow                     Hex            #.......     98%         2    ###....
 Confuse                  Hex            #.......     100%        3    ####...
 Throw Flame              Conj/Fire      #.....       98%         2    ###....
 Freezing Cloud           Conj/Ice/Air   #.........   100%        6    #######
 Mephitic Cloud           Conj/Pois/Air  #.......     100%        3    ####...
 Venom Bolt               Conj/Pois      #.........   100%        5    ######.
 Olgreb's Toxic Radiance  Pois           #.......     100%        4    #####..
 Blink                    Tloc           N/A          98%         2    ###....
 Iskenderun's Mystic Bla  Conj           #.......     100%        4    #####..
 Animate Dead             Necr           N/A          100%        4    #####..
 Pain                     Necr           #...         92%         1    ##.....
 Animate Skeleton         Necr           N/A          92%         1    ##.....
 Vampiric Draining        Necr           #.........   100%        3    ####...
 Ozocubu's Refrigeration  Ice            #.........   100%        6    #######
 Sticky Flame             Conj/Fire      #.......     100%        4    #####..
 Call Imp                 Summ           #.......     98%         2    ###....
 Regeneration             Chrm/Necr      #.........   100%        3    ####...
 Sting                    Conj/Pois      #...         92%         1    ##.....
 Statue Form              Tmut/Erth      #........    100%        6    #######
 Ice Form                 Ice/Tmut       #.......     100%        4    #####..
 Confusing Touch          Hex            #.....       92%         1    ##.....
 Flame Tongue             Conj/Fire      #....        92%         1    ##.....
 Metabolic Englaciation   Hex/Ice        #.........   100%        5    ######.
 Shatter                  Erth           #.........   100%        9    #######
 Static Discharge         Conj/Air       #.......     100%        3    ####...
 Corona                   Hex            #......      92%         1    ##.....
 Simulacrum               Ice/Necr       #.........   100%        6    #######
 Portal Projectile        Hex/Tloc       #.....       100%        3    ####...
 Petrify                  Tmut/Erth      #.......     100%        4    #####..
 Tornado                  Air            #.........   100%        9    #######
 Leda's Liquefaction      Hex/Erth       #.........   100%        4    #####..
 Inner Flame              Hex/Fire       #.......     100%        3    ####...
 Fulminant Prism          Conj/Hex       #.........   100%        4    #####..
 Dazzling Spray           Conj/Hex       #.....       100%        3    ####...
 Force Lance              Conj/Tloc      #.......     100%        4    #####..
 Searing Ray              Conj           #.....       98%         2    ###....
 Gell's Gravitas          Tloc           #.........   100%        3    ####...
 Yara's Violent Unravell  Hex/Tmut       #.........   100%        5    ######.
 Poisonous Vapours        Pois/Air       #.....       98%         2    ###....
 Ignition                 Fire           #.........   100%        8    #######


Dungeon Overview and Level Annotations

Branches:
Dungeon (15/15)            Temple (1/1) D:6            Lair (6/6) D:8
  Swamp (4/4) Lair:2       Spider (1/4) Lair:4        Slime (0/5) Lair:6
    Orc (2/2) D:9             Elf (0/3) Orc:2        Vaults (0/5) D:13
 Depths (0/5) D:15

Altars:
Ashenzari
Cheibriados
Dithmenos
Elyvilon
Fedhas
Gozag
Hepliaklqana
Kikubaaqudgha
Makhleb
Nemelex Xobeh
Okawaru
Qazlal
Ru
Sif Muna
Trog
Uskayaw
Vehumet
Wu Jian
Xom
Yredelemnul
Zin
The Shining One
Beogh

Shops:
Orc:2 [(=(

Annotations:
D:4 Nib's ghost, amateur TrCK


Innate Abilities, Weirdness & Mutations

You are small and have problems with some larger weapons.
You are somewhat resistant to further mutation.


Message History

You feel sick.
You feel sick.
You feel sick.
You feel sick.
You feel sick.
You feel sick.
You feel sick.
The orb spider begins to weave its threads into a brightly glowing ball.
You feel sick.
The orb spider spins a strand of pure energy.
You feel sick.
You feel like a meek peon again.
You feel sick.
The orb spider weaves a glowing orb of energy.
An orb of destruction comes into view.
The orb spider pulsates with a strange energy.
As you read the scroll of fog, it crumbles to dust.
The scroll dissolves into smoke.
You feel sick. The orb of destruction hits you!
You die...

# ################
.###..........#§..#####
...#...........§§§..#.####
...##...#.....§§@§..s....##
....##..##....^##§§§§§s...#
....##..###...####....#...#######
....#..## ##### ##..##..###†....
......## ####........... ...#.##
##...s...... .##### #..........
....# ##s.....#### ....#
##.......##


You could see 2 orb spiders.

Vanquished Creatures
  Nikola (Spider:1)
  Jorgrun (Swamp:2)
  Rupert (D:13)
  A tentacled monstrosity (Swamp:4)
  Gastronok (D:10)
  Frances (Swamp:1)
  Kirke (Lair:5)
  Roxanne (Swamp:4)
  3 thorn hunters
  The ghost of Tovarisch the Scorcher, an adept DEWz of Vehumet (Swamp:4)
  Louise (Swamp:4)
  An orc warlord (Orc:2)
  An emperor scorpion (Spider:1)
  Nessos (D:13)
  An ettin (Orc:1)
  Snorg (Lair:4)
  Josephine (Lair:5)
  The ghost of Verendum the Carver, a journeyman VSFi of Cheibriados (D:14)
  25 hydras
  3 centaur warriors
  2 ghost crabs
  2 death knights (D:14)
  8 two-headed ogres
  The ghost of azzavlup the Blocker, a novice DsBe of Trog (D:9)
  8 alligators
  Urug (D:13)
  2 orc high priests (Orc:2)
  2 spriggan berserkers (Swamp:4)
  Sonja (D:10)
  9 skeletal warriors
  A flayed ghost (D:15)
  7 swamp dragons
  A wizard (D:15)
  9 orc knights
  3 shambling mangroves
  2 wolf spider zombies
  A phantasmal warrior (D:14)
  A necromancer (D:15)
  4 oklob plants
  4 wolf spiders (Spider:1)
  23 ugly things
  3 orb spiders (Spider:1)
  3 orc sorcerers
  2 deep elf magi
  2 manticores
  8 elephants
  5 centaur zombies
  A black mamba (Lair:4)
  36 spiny frogs
  A gargoyle (D:13)
  2 rime drakes
  2 demonic crawlers (Spider:1)
  9 komodo dragons
  5 kobold demonologists
  11 trolls
  14 tyrant leeches
  4 jumping spiders
  A polar bear (Lair:6)
  Grinder (D:5)
  18 hornets
  4 dream sheep (Lair:4)
  7 slime creatures
  9 bog bodies
  18 blink frogs
  2 spriggan zombies (D:15)
  A deep troll zombie (D:15)
  5 hippogriffs
  An ettin zombie (D:15)
  7 redbacks (Spider:1)
  2 shadows
  2 meliai zombies
  A water elemental (D:12)
  47 yaks
  9 spriggans
  5 wraiths
  3 wyverns
  5 tarantellas (Spider:1)
  A basilisk (D:14)
  16 humans (D:13)
  A steam dragon (D:9)
  3 hogs (Lair:5)
  30 vampire mosquitoes
  3 hungry ghosts
  A redback simulacrum (D:14)
  15 swamp worms
  5 wargs (Orc:2)
  23 insubstantial wisps
  2 soldier ants
  An acid dragon (D:12)
  14 water moccasins
  14 porcupines
  48 orc warriors
  5 ice beasts
  15 swamp drakes
  2 sky beasts
  2 black bears
  3 phantoms
  7 ogres
  3 wolves (Lair:1)
  13 crocodiles
  15 centaurs
  30 bullfrogs
  A big kobold (D:9)
  A wyvern skeleton (D:11)
  7 scorpions
  9 electric eels
  3 howler monkeys
  4 bullfrog zombies
  2 quasits
  4 crimson imps
  24 orc priests
  A bullfrog skeleton (D:10)
  11 hounds
  2 jellies
  33 orc wizards
  4 centaur skeletons
  7 iguanas
  10 worker ants
  4 hell rats (Lair:4)
  An ogre zombie (D:5)
  2 hound skeletons (D:8)
  3 worker ant zombies
  Robin (D:2)
  18 adders
  7 gnolls
  6 shadow imps
  An ooze (D:2)
  An adder zombie (D:5)
  4 worms
  An adder skeleton (D:10)
  2 dart slugs (D:1)
  7 leopard geckos
  127 orcs
  2 giant cockroaches (D:1)
  27 goblins
  25 hobgoblins
  12 jackals
  5 quokkas
  4 ball pythons
  7 bats
  3 frilled lizards
  A goblin skeleton (D:4)
  2 hobgoblin zombies (D:4)
  19 kobolds
  A kobold skeleton (D:4)
  3 kobold zombies (D:4)
  A leopard gecko zombie (D:6)
  3 orc skeletons (D:4)
  4 orc zombies
  3 rats (D:2)
1098 creatures vanquished.

Vanquished Creatures (others)
  An orb spider (Spider:1)
  A human (Lair:5)
  A swamp drake (Swamp:4)
  25 fungi
  68 plants
  2 withered plants (D:15)
98 creatures vanquished.

Grand Total: 1196 creatures vanquished

Notes
Turn   | Place    | Note
-------+----------+-------------------------------------------
     0 | D:1      | iamserjio the Halfling Hunter began the quest for the Orb.
     0 | D:1      | Reached XP level 1. HP: 14/14 MP: 1/1
    20 | D:1      | Reached skill level 6 in Slings
   436 | D:1      | Reached XP level 2. HP: 19/19 MP: 2/2
   978 | D:1      | Reached XP level 3. HP: 17/24 MP: 3/3
  1369 | D:1      | Reached skill level 1 in Short Blades
  1738 | D:2      | Found a white marble altar of Elyvilon.
  2313 | D:2      | Reached XP level 4. HP: 26/29 MP: 4/4
  2979 | D:2      | Noticed Robin
  3365 | D:2      | Reached XP level 5. HP: 32/34 MP: 5/5
  3608 | D:2      | Killed Robin
  3612 | D:2      | Reached skill level 7 in Slings
  3714 | D:3      | Found a faded altar of an unknown god.
  4088 | D:3      | Reached XP level 6. HP: 41/41 MP: 6/6
  4729 | D:4      | Noticed a phantom
  4738 | D:4      | Noticed Nib's ghost (amateur TrCK)
  4752 | D:4      | Killed a phantom
  4752 | D:4      | Reached XP level 7. HP: 30/45 MP: 7/7
  5004 | D:4      | Reached skill level 8 in Slings
  5065 | D:4      | Found a glowing golden altar of the Shining One.
  5658 | D:5      | Entered Level 5 of the Dungeon
  5658 | D:5      | Found a transporter.
  5725 | D:5      | Found a transporter.
  5779 | D:5      | Noticed Grinder
  5788 | D:5      | Paralysed by Grinder for 4 turns
  5801 | D:5      | Paralysed by Grinder for 7 turns
  5817 | D:5      | Killed Grinder
  5817 | D:5      | Reached skill level 9 in Slings
  5817 | D:5      | Reached XP level 8. HP: 52/52 MP: 8/8
  6006 | D:5      | Found a shattered altar of Ashenzari.
  6788 | D:5      | Reached skill level 1 in Armour
  6903 | D:5      | Found a burning altar of Makhleb.
  7205 | D:6      | Found a staircase to the Ecumenical Temple.
  7210 | Temple   | Entered the Ecumenical Temple
  7363 | D:6      | Reached skill level 5 in Dodging
  7373 | D:6      | Reached skill level 10 in Slings
  7394 | D:6      | Reached skill level 5 in Stealth
  7492 | D:6      | Got a distressingly furry scale mail
  7580 | D:6      | Reached XP level 9. HP: 46/58 MP: 9/9
  8109 | D:6      | Noticed a two-headed ogre
  8591 | D:6      | Killed a two-headed ogre
  8591 | D:6      | Reached skill level 5 in Fighting
  8591 | D:6      | Reached skill level 5 in Armour
  9052 | D:5      | Identified the +9 scale mail "Odattuecsi" {rC++ SInv} (You found it on level 6 of the Dungeon)
  9582 | D:7      | Reached XP level 10. HP: 66/66 MP: 10/10
  9629 | D:7      | Found a hide-covered altar of Uskayaw.
  9632 | D:7      | Found a bloodstained altar of Trog.
  9632 | D:7      | Found a shadowy altar of Dithmenos.
  9632 | D:7      | Found an ornate altar of the Wu Jian Council.
  9634 | D:7      | Found a snail-covered altar of Cheibriados.
  9634 | D:7      | Found an iron altar of Okawaru.
  9635 | D:7      | Found a deep blue altar of Sif Muna.
  9642 | D:7      | Became a worshipper of Warmaster Okawaru
  9872 | D:7      | Reached skill level 11 in Slings
  9903 | D:7      | Reached skill level 1 in Invocations
 10431 | D:7      | Found an ornate altar of the Wu Jian Council.
 10431 | D:7      | Noticed an oklob plant
 10639 | D:7      | Killed an oklob plant
 10678 | D:7      | Reached * piety under Okawaru
 10918 | D:8      | Reached skill level 5 in Short Blades
 11264 | D:8      | Got a fine ring mail
 11826 | D:8      | Found a staircase to the Lair.
 12158 | D:8      | Identified the cursed +1 ring mail of Maxyec {*Slow rElec rN+ Stlth+} (You found it on level 8 of the Dungeon)
 12348 | D:9      | Noticed azzavlup's ghost (novice DsBe)
 12361 | D:9      | Found a flagged portal.
 12395 | D:9      | Reached ** piety under Okawaru
 12395 | D:9      | Reached XP level 11. HP: 26/72 MP: 13/13
 12407 | Bailey   | Entered a bailey
 12790 | Bailey   | Reached skill level 12 in Slings
 12899 | Bailey   | Found an iron altar of Okawaru.
 12899 | Bailey   | Noticed an orc knight
 13061 | Bailey   | Killed an orc knight
 13350 | Bailey   | Noticed an orc knight
 13460 | Bailey   | Killed an orc knight
 13598 | Bailey   | Reached skill level 13 in Slings
 13705 | Bailey   | Noticed an orc knight
 13725 | Bailey   | Killed an orc knight
 13979 | Bailey   | Noticed an orc knight
 14003 | Bailey   | Killed an orc knight
 14003 | Bailey   | Reached *** piety under Okawaru
 14076 | Bailey   | Noticed an orc knight
 14100 | Bailey   | Killed an orc knight
 14748 | Bailey   | Got a polished chain mail
 15031 | D:9      | Killed azzavlup's ghost
 15031 | D:9      | Reached **** piety under Okawaru
 15031 | D:9      | Reached skill level 14 in Slings
 16155 | D:9      | Found a staircase to the Orcish Mines.
 16166 | D:9      | Identified the +10 chain mail of Kaneop {MR+ Str+4 Dex+6} (You took it off a hobgoblin in a bailey)
 16204 | D:9      | Got a slimy helmet
 16215 | D:9      | Identified the +2 helmet of the Abyss {*Slow rElec rF+ MP+9} (You acquired it on level 9 of the Dungeon)
 16276 | Orc:1    | Entered Level 1 of the Orcish Mines
 16298 | D:9      | Reached XP level 12. HP: 51/81 MP: 15/15
 16914 | D:10     | Entered Level 10 of the Dungeon
 16935 | D:10     | Received a gift from Okawaru
 16935 | D:10     | Reached skill level 1 in Evocations
 17295 | D:10     | Noticed Sonja
 17305 | D:10     | Killed Sonja
 17599 | D:10     | Noticed a two-headed ogre
 17607 | D:10     | Killed a two-headed ogre
 17662 | D:10     | Noticed Gastronok
 17684 | D:10     | Killed Gastronok
 17684 | D:10     | Reached ***** piety under Okawaru
 17684 | D:10     | Received a gift from Okawaru
 17684 | D:10     | Reached skill level 5 in Invocations
 17862 | D:10     | Found an opulent altar of Gozag.
 18344 | D:11     | Noticed a two-headed ogre
 18355 | D:11     | Received a gift from Okawaru
 18371 | D:11     | Killed a two-headed ogre
 18519 | D:11     | Reached skill level 15 in Slings
 18535 | D:11     | Noticed a two-headed ogre
 18578 | D:11     | Killed a two-headed ogre
 18683 | D:11     | Noticed a two-headed ogre
 18694 | D:11     | Received a gift from Okawaru
 18721 | D:11     | Killed a two-headed ogre
 18721 | D:11     | Received a gift from Okawaru
 18965 | D:11     | Reached skill level 5 in Evocations
 18965 | D:11     | Reached XP level 13. HP: 72/88 MP: 15/17
 18988 | D:11     | Noticed an eight-headed hydra
 19911 | Lair:1   | Entered Level 1 of the Lair of Beasts
 20357 | Lair:1   | Received a gift from Okawaru
 20368 | Lair:1   | Reached skill level 1 in Shields
 20556 | Lair:1   | Noticed a four-headed hydra
 20578 | Lair:1   | Killed a four-headed hydra
 21224 | Lair:1   | Received a gift from Okawaru
 21225 | Lair:1   | Got a smoking short sword {god gift}
 21227 | Lair:1   | Identified the +10 short sword of Disembowelment {pain, rF++ rC+ MR- Str+3} (Okawaru gifted it to you on level 1 of the Lair of Beasts)
 21548 | Lair:2   | Found a staircase to the Swamp.
 21561 | Lair:2   | Noticed a six-headed hydra
 21603 | Lair:2   | Killed a six-headed hydra
 22114 | Lair:2   | Noticed a seven-headed hydra
 22127 | Lair:2   | Killed a seven-headed hydra
 22588 | Lair:2   | Reached skill level 10 in Armour
 22803 | Lair:3   | Reached skill level 5 in Shields
 22937 | Lair:2   | Received a gift from Okawaru
 22937 | Lair:2   | Reached skill level 16 in Slings
 23113 | Lair:3   | Noticed a seven-headed hydra
 23130 | Lair:3   | Killed a seven-headed hydra
 23547 | Lair:3   | Noticed a five-headed hydra
 23561 | Lair:3   | Killed a five-headed hydra
 23657 | Lair:3   | Reached XP level 14. HP: 97/97 MP: 18/18
 23977 | Lair:4   | Received a gift from Okawaru
 24392 | Lair:4   | Received a gift from Okawaru
 24940 | Lair:4   | Found a hole to the Spider Nest.
 24971 | Lair:4   | Received a gift from Okawaru
 25044 | Lair:4   | Noticed Snorg
 25059 | Lair:4   | Killed Snorg
 25646 | Lair:5   | Noticed Josephine
 25678 | Lair:5   | Killed Josephine
 25678 | Lair:5   | Received a gift from Okawaru
 25920 | Lair:5   | Noticed Kirke
 25959 | Lair:5   | Killed Kirke
 25959 | Lair:5   | Reached ****** piety under Okawaru
 25959 | Lair:5   | Received a gift from Okawaru
 25959 | Lair:5   | Reached skill level 10 in Fighting
 26133 | Lair:5   | Reached skill level 17 in Slings
 26245 | Lair:5   | Received a gift from Okawaru
 26418 | Lair:6   | Entered Level 6 of the Lair of Beasts
 26843 | Lair:6   | Received a gift from Okawaru
 27056 | Lair:6   | Received a gift from Okawaru
 27119 | Lair:6   | Reached XP level 15. HP: 73/103 MP: 19/19
 27310 | Lair:6   | Received a gift from Okawaru
 27568 | Lair:6   | Received a gift from Okawaru
 27677 | Lair:6   | Received a gift from Okawaru
 28406 | Lair:6   | Got a heavily runed garnet amulet
 28468 | Lair:6   | Found a staircase to the Slime Pits.
 29620 | D:11     | Identified the amulet "Nittui" {Inacc rN+ Dex+4 SInv} (You found it on level 6 of the Lair of Beasts)
 30167 | D:12     | Received a gift from Okawaru
 31042 | D:13     | Found a gate to the Vaults.
 31042 | D:13     | Noticed Rupert
 31042 | D:13     | Noticed Nessos
 31042 | D:13     | Noticed Urug
 31083 | D:12     | Reached skill level 10 in Dodging
 31162 | D:13     | Killed Nessos
 31417 | D:13     | Reached skill level 10 in Short Blades
 31450 | D:13     | Received a gift from Okawaru
 31828 | D:13     | Received a gift from Okawaru
 32110 | D:13     | Killed Urug
 32153 | D:13     | Killed Rupert
 32153 | D:13     | Received a gift from Okawaru
 32254 | D:13     | Reached XP level 16. HP: 105/111 MP: 19/21
 32536 | D:14     | Noticed Verendum's ghost (journeyman VSFi)
 32544 | D:14     | Received a gift from Okawaru
 32573 | D:14     | Killed Verendum's ghost
 32573 | D:14     | Reached skill level 18 in Slings
 33092 | D:14     | Received a gift from Okawaru
 33939 | D:14     | Found a sacrificial altar of Ru.
 34458 | D:15     | Entered Level 15 of the Dungeon
 34909 | D:15     | Found a staircase to the Depths.
 36914 | Orc:2    | Entered Level 2 of the Orcish Mines
 36961 | Orc:2    | Received a gift from Okawaru
 37017 | Orc:2    | Found a roughly hewn altar of Beogh.
 37393 | Orc:2    | Found a roughly hewn altar of Beogh.
 37427 | Orc:2    | Found a roughly hewn altar of Beogh.
 37457 | Orc:2    | Found Lelor's Weapon Shop.
 37463 | Orc:2    | Bought 17 stones for 23 gold pieces
 37888 | Orc:2    | Found a staircase to the Elven Halls.
 37947 | Orc:2    | Found a roughly hewn altar of Beogh.
 38179 | Orc:2    | Received a gift from Okawaru
 38180 | Orc:2    | Found a roughly hewn altar of Beogh.
 38219 | Orc:2    | Got a polished scale mail {god gift}
 38382 | Orc:2    | Found a roughly hewn altar of Beogh.
 38383 | Orc:2    | Found Wearuav's Jewellery Shop.
 38391 | Orc:2    | Bought an uncursed ring of see invisible for 195 gold pieces
 38401 | Orc:2    | Identified the +4 scale mail of Okawaru's Indignation {Int+4} (Okawaru gifted it to you on level 2 of the Orcish Mines)
 38934 | Orc:2    | Reached XP level 17. HP: 117/117 MP: 20/22
 39009 | Orc:2    | Found a roughly hewn altar of Beogh.
 39009 | Orc:2    | Found Zashouch's Antique Armour Boutique.
 39023 | Orc:2    | Found Diof's Antique Weapon Shop.
 39066 | Orc:2    | Bought an embroidered scarf for 304 gold pieces
 39529 | Swamp:1  | Entered Level 1 of the Swamp
 40169 | Swamp:1  | Noticed Frances
 40189 | Swamp:1  | Killed Frances
 41412 | Swamp:2  | Noticed Jorgrun
 41431 | Swamp:2  | Killed Jorgrun
 41431 | Swamp:2  | Received a gift from Okawaru
 41431 | Swamp:2  | Reached skill level 19 in Slings
 41431 | Swamp:2  | Reached skill level 15 in Armour
 41561 | Swamp:2  | Received a gift from Okawaru
 41580 | Swamp:2  | Got a steaming double sword {god gift}
 42372 | Swamp:3  | Noticed a thorn hunter
 42384 | Swamp:3  | Killed a thorn hunter
 42782 | Swamp:3  | Noticed a thorn hunter
 42799 | Swamp:3  | Killed a thorn hunter
 42992 | Swamp:4  | Entered Level 4 of the Swamp
 43142 | Swamp:4  | Reached XP level 18. HP: 102/126 MP: 22/24
 43181 | Swamp:4  | Noticed a tentacled monstrosity
 43197 | Swamp:4  | Killed a tentacled monstrosity
 43407 | Swamp:4  | Noticed Louise
 43489 | Swamp:4  | Noticed Tovarisch's ghost (adept DEWz)
 43518 | Swamp:4  | Killed Tovarisch's ghost
 43518 | Swamp:4  | Received a gift from Okawaru
 43551 | Swamp:4  | Killed Louise
 43788 | Swamp:4  | Noticed Roxanne
 43838 | Swamp:4  | Killed Roxanne
 43839 | Swamp:4  | Identified Roxanne's Almanac of Shape Shifting (You took it off Roxanne on level 4 of the Swamp)
 44503 | Swamp:4  | Received a gift from Okawaru
 45185 | Swamp:4  | Got a decaying rune of Zot
 45478 | Spider:1 | Entered Level 1 of the Spider Nest
 45555 | Spider:1 | Noticed Nikola
 45597 | Spider:1 | Killed Nikola
 45597 | Spider:1 | Reached skill level 20 in Slings
 45958 | Spider:1 | Blown up by an orb spider

Vault maps used:
D:1:      sevenhm_arrival_forest_fort_large_4
D:2:      minmay_misc_feat_rugged, elyvilon_altar_5, uniq_robin
D:3:      chequers_ecumenical_altar_simple_redux, first_ration
D:4:      nicolae_tso_besieged_by_evil
D:5:      gammafunk_cloud_chamber, nicolae_ashenzari_panopticon,
          makhleb_heckhound_becter, uniq_grinder
D:6:      minmay_temple_entry_grid, corexii_shack, minmay_statues_item
D:7:      grunt_temple_overflow_open, the_bakery, st_stairs_8,
          lemuel_oklob_altar
D:8:      kennysheep_blocky_hall, grunt_lair_entry_orc_guard_hut
D:9:      hiddenorc1_lemuel, enter_bailey_3
D:10:     nicolae_twisting_strands, grunt_decor_one_mirror, grunt_gozag_statues,
          uniq_gastronok, uniq_sonja
D:12:     cheibrodos_orc_bank, serial_bayou, serial_bayou_pond_a,
          serial_bayou_pond_a, serial_bayou_pond_b, serial_bayou_crossing
D:13:     david_vaults_3, uniq_rupert
D:14:     nicolae_ru_awakened_eye
D:15:     gammafunk_depths_entry_grave, hangedman_decor_peaks_small
Temple:   eino_temple_lava
Lair:1:   guppyfry_lair_drakes, infiniplex_staircase_pool_2, lemuel_fruit_tree,
          minmay_lair_oklob_chamber, grunt_megastairs_5, serial_bayou_shore_b
Lair:2:   minmay_swamp_entry_reptiles
Lair:4:   spider_nest_entry_rubble, uniq_snorg
Lair:5:   grunt_megastairs_3, uniq_josephine, uniq_kirke
Lair:6:   minmay_lair_end_frog_pond, minmay_slime_entry_oklob_open,
          disabler_island
Swamp:1:  nicolae_swamp_treefoil, uniq_frances
Swamp:2:  evilmike_swamp_ruin_rubble_1, uniq_jorgrun
Swamp:3:  evilmike_swamp_ruin_rubble_2, swamp_pool2
Swamp:4:  swamp_basic_johnstein, uniq_roxanne, uniq_louise
Spider:1: uniq_nikola
Orc:2:    grunt_orc_community_town_hall, grunt_orc_community_big_house_1,
          grunt_orc_community_big_house_2, grunt_orc_community_house_3,
          grunt_orc_community_house_1, grunt_orc_community_house_2,
          grunt_orc_community_house_2, grunt_orc_community_house_2,
          grunt_orc_community_house_3, basic_altar
Bailey:   bailey_axe_of_yendor_kennysheep, bailey

Skill      XL: |  1  2  3  4  5  6  7  8  9 10 11 12 13 14 15 16 17 18 |
---------------+-------------------------------------------------------+-----
Slings         | 6 7 9 10 11 14 15 16 17 18 19 20 | 20.1
Fighting       | 2 3 4 5 6 7 8 9 10 11 12 13 | 13.3
Short Blades   | 1 2 3 4 6 7 9 10 11 | 11.0
Stealth        | 2 3 4 5 6 7 8 |  8.0
Dodging        | 3 4 5 6 7 8 9 10 11 12 | 12.9
Armour         | 3 5 6 8 9 10 11 13 14 15 16 | 16.0
Invocations    | 3 4 5 6 7 8 |  8.0
Evocations     | 5 7 8 |  8.0
Shields        | 6 |  6.0

Action                   |  1- 3 |  4- 6 |  7- 9 | 10-12 | 13-15 | 16-18 || total
-------------------------+-------+-------+-------+-------+-------+-------++-------
Melee: Short sword       |    74 |    52 |    18 |       |   203 |   607 ||   954
       Dagger            |       |       |    13 |   238 |    19 |       ||   270
       Punch             |       |       |       |     3 |     1 |       ||     4
       Hunting sling     |       |       |       |       |     1 |       ||     1
 Fire: Hunting sling     |    26 |   157 |   445 |   984 |  2283 |  2179 ||  6074
Invok: Heroism           |       |       |       |    29 |    20 |    39 ||    88
       Finesse           |       |       |       |       |     3 |    10 ||    13
 Abil: Evoke Berserk Rag |       |       |     1 |    12 |     5 |    12 ||    30
Evoke: Wand              |       |       |     5 |    16 |    11 |     3 ||    35
  Use: Scroll            |       |     1 |     8 |    18 |     9 |    18 ||    54
       Potion            |       |     1 |     2 |     2 |     1 |     8 ||    14
 Stab: Sleeping          |     3 |     3 |       |       |     3 |     2 ||    11
       Paralysed         |       |       |       |     2 |     1 |       ||     3
  Eat: Chunk             |     4 |     7 |    11 |    26 |    33 |    31 ||   112
       Ration            |       |       |     1 |     4 |     3 |     7 ||    15
Armor: Leather armour    |    15 |    10 |    25 |       |       |       ||    50
       Skin              |       |       |    11 |       |       |       ||    11
       Scale mail        |       |       |     2 |    65 |       |    14 ||    81
       Ring mail         |       |       |       |    17 |       |       ||    17
       Chain mail        |       |       |       |    64 |   360 |   168 ||   592
       Swamp dragon scal |       |       |       |       |       |   159 ||   159
Dodge: Dodged            |    70 |    69 |   161 |   511 |   863 |   965 ||  2639
Block: Shield            |       |       |       |       |   479 |   820 ||  1299

Table legend:
 A = Spawn XP
 B = Non-spawn XP
 C = Spawn XP percentage of total XP
 D = Spawn monster count
 E = Non-spawn monster count
 F = Spawn count percentage of total count
 G = Total turns spent on level
                    A         B        C        D         E        F      G
               +---------+---------+-------+---------+---------+-------+---------
         Total |       0 |  257180 |   0.0 |       0 |    1099 |   0.0 | 45958
               +---------+---------+-------+---------+---------+-------+---------
           D:1 |       0 |      51 |   0.0 |       0 |      19 |   0.0 |  1681
           D:2 |       0 |     146 |   0.0 |       0 |      38 |   0.0 |  2282
           D:3 |       0 |     253 |   0.0 |       0 |      32 |   0.0 |   889
           D:4 |       0 |     434 |   0.0 |       0 |      23 |   0.0 |   857
           D:5 |       0 |     760 |   0.0 |       0 |      20 |   0.0 |  1889
           D:6 |       0 |    2177 |   0.0 |       0 |      31 |   0.0 |  1791
           D:7 |       0 |    1598 |   0.0 |       0 |      24 |   0.0 |  1441
           D:8 |       0 |    1603 |   0.0 |       0 |      28 |   0.0 |  1693
           D:9 |       0 |    4625 |   0.0 |       0 |      63 |   0.0 |  2350
          D:10 |       0 |    5720 |   0.0 |       0 |      31 |   0.0 |  1540
          D:11 |       0 |    6248 |   0.0 |       0 |      27 |   0.0 |  1538
          D:12 |       0 |    5735 |   0.0 |       0 |      47 |   0.0 |  1484
          D:13 |       0 |   16196 |   0.0 |       0 |      51 |   0.0 |  1430
          D:14 |       0 |   19974 |   0.0 |       0 |      47 |   0.0 |  1958
          D:15 |       0 |   11324 |   0.0 |       0 |      39 |   0.0 |  1419
        Lair:1 |       0 |    5310 |   0.0 |       0 |      21 |   0.0 |  1669
        Lair:2 |       0 |    8001 |   0.0 |       0 |      27 |   0.0 |  1790
        Lair:3 |       0 |    5078 |   0.0 |       0 |      18 |   0.0 |  1150
        Lair:4 |       0 |    9262 |   0.0 |       0 |      37 |   0.0 |  1383
        Lair:5 |       0 |    9953 |   0.0 |       0 |      28 |   0.0 |  1140
        Lair:6 |       0 |   22727 |   0.0 |       0 |      84 |   0.0 |  3024
       Swamp:1 |       0 |   15861 |   0.0 |       0 |      42 |   0.0 |  1299
       Swamp:2 |       0 |   17777 |   0.0 |       0 |      43 |   0.0 |  1126
       Swamp:3 |       0 |   13025 |   0.0 |       0 |      22 |   0.0 |   773
       Swamp:4 |       0 |   41754 |   0.0 |       0 |      80 |   0.0 |  2396
      Spider:1 |       0 |   13804 |   0.0 |       0 |      26 |   0.0 |   480
         Orc:1 |       0 |    2059 |   0.0 |       0 |      25 |   0.0 |   860
         Orc:2 |       0 |   11010 |   0.0 |       0 |      85 |   0.0 |  2202
        Bailey |       0 |    4715 |   0.0 |       0 |      41 |   0.0 |  2357
               +---------+---------+-------+---------+---------+-------+---------
